 Dungeon Crawl Stone Soup version 0.30-a0-1050-g2766ea1e55 (webtiles) character file.

Game seed: 9615506268668906736

2 Lavandula the Slasher (level 1, 1/16 HPs)
             Began as a Demonspawn Gladiator on Apr 11, 2023.
             Quit the game on level 1 of the Dungeon.
             The game lasted 00:00:22 (102 turns).

Lavandula the Slasher (Demonspawn Gladiator)         Turns: 102, Time: 00:00:22

Health: 1/16       AC:  4    Str: 13 (14) XL:     1   Next: 25%
Magic:  1/1        EV: 12    Int:  7 (9)  God:
Gold:   44         SH:  0    Dex: 13 (14) Spells: 0/0 levels left

rFire   . . .      SeeInvis .    a - +0 long sword
rCold   . . .      Faith    .    (no shield)
rNeg    . . .      Spirit   .    b - +0 leather armour
rPois   .          Reflect  .    c - +0 helmet
rElec   .          Rampage  .    (no cloak)
rCorr   .                        (no gloves)
Will    .....                    (no boots)
Stlth   +                        (no amulet)
HPRegen 0.22/turn                (no ring)
MPRegen 0.07/turn                (no ring)

@: lethally poisoned (1 -> -30)
A: no striking features
a: no special abilities


You were on level 1 of the Dungeon.
You visited 1 branch of the dungeon, and saw 1 of its levels.

You collected 44 gold pieces.

Inventory:

Hand Weapons
 a - a +0 long sword (weapon)
Missiles
 d - 3 throwing nets (quivered)
 e - a javelin
Armour
 b - a +0 leather armour (worn)
 c - a +0 helmet (worn)
Scrolls
 g - a scroll of immolation {unknown}


   Skills:
 - Level 2.0 Fighting
 + Level 2.8 Long Blades
 - Level 1.7 Throwing
 - Level 2.6 Dodging


You couldn't memorise any spells.
You didn't know any spells.
Your spell library was empty.

Dungeon Overview and Level Annotations

Branches:
Dungeon (1/15)

Altars:


Message History

The goblin is severely wounded.
The goblin closely misses you.
You barely miss the goblin.
The goblin is severely wounded.
The goblin hits you but does no damage. The goblin barely misses you.
You barely miss the goblin.
The goblin is severely wounded.
The goblin hits you but does no damage.
You hit the goblin.
You kill the goblin!
No target in view!
HP restored.
You now have 44 gold pieces (gained 13).
You see here a +0 dagger.
Found a robe.
g - a scroll labelled BILEEL USUDGH You see here a +0 robe.
Found a stone staircase leading down.
A kobold comes into view. It is wielding a +2 dagger of venom.
The kobold shouts!
There is a stone staircase leading down here.
The kobold hits you with a +2 dagger of venom.
You are poisoned.
You completely miss the kobold.
You feel very sick. The kobold hits you but does no damage.
You are lethally poisoned!
The kobold hits you with a +2 dagger of venom.
You are more poisoned.
You are too injured to fight recklessly!
Unknown command.
It was a potion of degeneration.
There was something very wrong with that liquid.
You feel weakened.
You feel dopey.
You feel clumsy.
* * * LOW HITPOINT WARNING * * *
You feel very sick. The kobold hits you but does no damage.
You are more poisoned.
Unknown command.
Are you sure you want to abandon this character and quit the game? (Confirm with "yes".)

# # #. .# .# ..#.# .# ..#
#.#.# #.#.. #### #.#.. ...
.... #.#.######K# #.#.
#...#...>@.#.#.. #.#.
#...#.###..#.#.# #.#.
#.......#..#.#.########.#.
#...#.#.####..>...........
###.#.#....#............#.
#.#.#.#............####.
#.[...#.................
###.#.#............####.
#.###...).............


You could see a kobold.

Vanquished Creatures
  A goblin (D:1)
  A rat (D:1)
2 creatures vanquished.

Notes
Turn   | Place    | Note
-------+----------+-------------------------------------------
     0 | D:1      | Lavandula the Demonspawn Gladiator began the quest for the
                  | Orb.
     0 | D:1      | Reached XP level 1. HP: 16/16 MP: 1/1
   102 | D:1      | Quit the game

Illustrated notes

Levels and vault maps discovered:
D:1:      dpeg_arrival_line_fractal, layout_basic

Action                     || total
---------------------------++-------
  Melee: Long sword        ||    12
    Use: Potion            ||     1
 Armour: Leather armour    ||     8
  Dodge: Dodged            ||     4

Table legend: (Time is in decaauts)
 A = Elapsed time spent in this place.
 B = Non-inter-level travel time spent in this place.
 C = Inter-level travel time spent in this place.
 D = Time resting spent in this place.
 E = Time spent auto-exploring this place.
 F = Levels seen in this place.
 G = Mean time per level.
                   A        B        C        D        E       F      G
               +--------+--------+--------+--------+--------+-----+--------+
         Total |    105 |    105 |      0 |      0 |     74 |   1 |  105.0 |
       Dungeon |    105 |    105 |      0 |      0 |     74 |   1 |  105.0 |
               +--------+--------+--------+--------+--------+-----+--------+

Top non-repeatable levels by time:
     D:1: 105 daAuts
